 Dungeon Crawl Stone Soup version 0.17-a0-1262-gd250d98 (webtiles) character file.

501 kurshu the Spear-Bearer (level 6, 0/51 HPs)
             Began as a Minotaur Fighter on May 24, 2015.
             Succumbed to a scorpion's poison
             ... on level 5 of the Dungeon on June 6, 2015.
             The game lasted 00:05:18 (2517 turns).

kurshu the Spear-Bearer (Minotaur Fighter)          Turns: 2517, Time: 00:05:19

Health: 0/51       AC:  6    Str: 25    XL:     6   Next: 95%
Magic:  5/5        EV:  7    Int:  7    God:
Gold:   147        SH:  9    Dex: 10    Spells: 0 memorised, 5 levels left

rFire  . . .     SeeInvis .     a - +0 trident
rCold  . . .     Clarity  .     b - +0 scale mail
rNeg   . . .     SustAt   .     c - +0 shield
rPois  .         Gourm    .     (helmet restricted)
rElec  .         Spirit   .     (no cloak)
rCorr  .         Warding  .     (no gloves)
rMut   .         Stasis   .     (no boots)
MR     .....                    (no amulet)
Stlth  ..........               (no ring)
                                (no ring)

@: mighty, lethally poisoned (0 -> -20), not resistant to hostile enchantments,
extremely unstealthy
A: retaliatory headbutt, horns 2, mutation resistance 1
a: no special abilities


You were on level 5 of the Dungeon.
You were not hungry.

You visited 1 branch of the dungeon, and saw 5 of its levels.

You collected 147 gold pieces.

Inventory:

Hand weapons
 a - a +0 trident (weapon)
Armour
 b - a +0 scale mail (worn)
 c - a +0 shield (worn)
Jewellery
 g - an uncursed ring of magical power
 q - an uncursed ring of wizardry
Magical devices
 r - a wand of disintegration (9)
 t - a wand of digging (7)
Scrolls
 f - a scroll of fear
 h - 3 scrolls of identify
 i - 2 scrolls of random uselessness {unknown}
 j - 2 scrolls of remove curse
 k - 4 scrolls of teleportation {unknown}
 l - 2 scrolls of enchant weapon {unknown}
Potions
 d - a potion of might
 n - a potion of cancellation
 p - a potion of invisibility
Comestibles
 e - 3 bread rations
 m - 2 meat rations
 o - a beef jerky
 s - a chunk of flesh


   Skills:
 - Level 3.6 Fighting
 + Level 9.1 Polearms
 - Level 3.6 Armour
 - Level 3.6 Shields


You had 5 spell levels left.
You didn't know any spells.

Dungeon Overview and Level Annotations

Branches:
Dungeon (5/15)
 Temple: D:4-7

Altars:
Dithmenos
Elyvilon
Kikubaaqudgha
Qazlal


Innate Abilities, Weirdness & Mutations

You reflexively headbutt those who attack you in melee.
You have a pair of horns on your head.
You are somewhat resistant to further mutation.


Message History

You are poisoned.
The scorpion poisons you!
You barely miss the scorpion.
The scorpion is almost dead.
* * * LOW HITPOINT WARNING * * *
You feel sick. The scorpion stings you.
* * * LOW HITPOINT WARNING * * *
You are more poisoned.
The scorpion poisons you!
Drink which item? (? for menu, Esc to quit)
It was a potion of mutation.
You feel extremely strange.
You feel genetically stable.
* * * LOW HITPOINT WARNING * * *
You feel sick. The scorpion stings you.
* * * LOW HITPOINT WARNING * * *
You are more poisoned.
The scorpion poisons you!
Drink which item? (? for menu, Esc to quit)
You feel very mighty all of a sudden.
You die...

#.^.##..≈≈≈#^.....###...
#.^#^^....#≈(....†.......
#..##≈.÷^#.#(............
#....^..§..≈^...........#
#......_..§§...........##
##≈§≈.^.^§.§§..........#
#≈§≈§^.≈..^..[....##..#
#≈§§....(##^.....## #..
#§§≈#..≈#≈§§#..@## #.
##≈≈§§..§^.##..s.#
#####.######....# #.#
#.<##.. #[# #.## #..
#.#####.## #.. #........#
#.. #.......# #..
######<.#


You could see a scorpion.

Vanquished Creatures
  An ogre (D:4)
  A phantom (D:5)
  A hound (D:4)
  2 centaur skeletons (D:4)
  Natasha (thrice) (D:4 D:5)
  A worker ant (D:4)
  A hound skeleton (D:5)
  3 gnolls (D:4)
  5 adders
  An ooze (D:2)
  3 worms
  4 giant geckos
  13 bats
  2 bat skeletons (D:4)
  8 giant cockroaches
  6 goblins
  12 hobgoblins
  A ball python (D:4)
  A ball python skeleton (D:4)
  3 giant newts
  7 jackals
  6 kobolds
  9 rats
94 creatures vanquished.

Notes
Turn   | Place    | Note
--------------------------------------------------------------
     0 | D:1      | kurshu the Minotaur Fighter began the quest for the Orb.
     0 | D:1      | Reached XP level 1. HP: 19/19 MP: 0/0
    34 | D:1      | Reached XP level 2. HP: 13/26 MP: 1/1
   323 | D:1      | Reached skill level 4 in Polearms
   531 | D:2      | Reached XP level 3. HP: 31/31 MP: 2/2
   703 | D:2      | Reached skill level 5 in Polearms
   779 | D:2      | Reached XP level 4. HP: 35/39 MP: 3/3
   977 | D:3      | Found an ancient bone altar of Kikubaaqudgha.
  1142 | D:3      | Found a white marble altar of Elyvilon.
  1428 | D:3      | Upgraded the game from 0.17-a0-1129-g5854844 to 0.17-a0-1262-gd250d98
  1488 | D:4      | Reached skill level 6 in Polearms
  1501 | D:4      | Reached XP level 5. HP: 26/45 MP: 4/4
  1776 | D:4      | Reached skill level 7 in Polearms
  1902 | D:4      | Found a shadowy altar of Dithmenos.
  1932 | D:4      | Noticed Natasha
  1944 | D:4      | Killed Natasha
  1944 | D:4      | Reached XP level 6. HP: 20/51 MP: 5/5
  2122 | D:4      | Noticed an ogre
  2136 | D:4      | Killed an ogre
  2136 | D:4      | Reached skill level 8 in Polearms
  2433 | D:5      | Entered Level 5 of the Dungeon
  2433 | D:5      | Noticed Natasha
  2439 | D:5      | Killed Natasha
  2446 | D:5      | Found a stormy altar of Qazlal.
  2452 | D:5      | Noticed Natasha
  2457 | D:5      | Killed Natasha
  2493 | D:5      | Reached skill level 9 in Polearms
  2516 | D:5      | Gained mutation: You are somewhat resistant to further mutation. [potion of mutation]
  2516 | D:5      | HP: 2/51 [scorpion (1)]
  2517 | D:5      | Succumbed to a scorpion's poison

Vault maps used:
D:1:      eino_arrival_water_cross
D:3:      kiku_gazebo_garden_becter, nicolae_overflow_crystal_walls,
          minmay_misc_feat_encased
D:4:      nicolae_dithmenos_the_darkroom, first_bread, supply_closet_lemuel,
          uniq_natasha
D:5:      grunt_qazlal_sundering, uniq_eustachio

Action                   |  1- 3 |  4- 6 || total
-------------------------+-------+-------++-------
Melee: Trident           |   125 |   208 ||   333
  Use: Scroll            |       |     8 ||     8
       Potion            |       |     2 ||     2
  Eat: Chunk             |       |     6 ||     6
